 Dungeon Crawl Stone Soup version 0.28.0-62-gf88900778d (webtiles) character file.

Game seed: 13300474762658016295

5677 cbfl8 the Cleaver (level 10, 0/90 HPs)
             Began as a Minotaur Berserker on Nov 2, 2023.
             Was a Priest of Trog.
             Succumbed to a water moccasin's poison
             ... on level 8 of the Dungeon on Nov 4, 2023.
             The game lasted 00:09:09 (10106 turns).

cbfl8 the Cleaver (Minotaur Berserker)             Turns: 10106, Time: 00:09:10

Health: 0/90       AC: 11    Str: 22    XL:     10   Next: 47%
Magic:  9/9        EV: 10    Int:  4    God:    Trog [***...]
Gold:   481        SH:  5    Dex: 14    Spells: 9/9 levels left

rFire   . . .      SeeInvis .   a - +0 hand axe
rCold   . . .      Faith    .   (no shield)
rNeg    . . .      Spirit   .   d - +0 chain mail
rPois   .          Reflect  +   (helmet restricted)
rElec   .          Harm     .   (no cloak)
rCorr   .          Rampage  .   (no gloves)
Will    .....                   (no boots)
Stlth   ..........              j - amulet of reflection
HPRegen 0.25/turn               (no ring)
MPRegen 0.11/turn               (no ring)

@: lethally poisoned (0 -> -9), on berserk cooldown, slowed, very slow
A: horns 2, retaliatory headbutt
a: Renounce Religion, Berserk, Trog's Hand


You were on level 8 of the Dungeon.
You worshipped Trog.
Trog was most pleased with you.
You visited 1 branch of the dungeon, and saw 8 of its levels.
You also visited: Ossuary.

You collected 481 gold pieces.

Inventory:

Hand Weapons
 a - a +0 hand axe (weapon)
Missiles
 v - 5 throwing nets (quivered)
 E - 6 javelins
Armour
 d - a +0 chain mail (worn)
Jewellery
 j - an amulet of reflection (around neck)
 o - a ring of fire
Wands
 f - a wand of polymorph (1)
 x - a wand of paralysis (14)
 y - a wand of flame (14)
 z - a wand of acid (22)
Scrolls
 e - 3 scrolls of magic mapping
 g - 2 scrolls of holy word
 k - 5 scrolls of teleportation {unknown}
 m - 2 scrolls of enchant armour {unknown}
 p - 9 scrolls of noise
 q - a scroll of vulnerability {unknown}
 r - 3 scrolls of brand weapon
 s - a scroll of amnesia {unknown}
 t - a scroll of fear
 w - 2 scrolls of fog {unknown}
 C - a scroll of blinking
 D - a scroll of silence
 F - 2 scrolls of identify
Potions
 b - 2 potions of curing
 c - a potion of lignification
 h - 4 potions of invisibility
 i - a potion of flight {unknown}
 l - a potion of heal wounds {unknown}
 n - 6 potions of mutation
 u - a potion of haste {unknown}
 A - 3 potions of attraction {unknown}
 B - a potion of resistance {unknown}


   Skills:
 + Level 8.6 Fighting
 + Level 12.2 Axes
 + Level 10.8 Armour
 + Level 4.6 Dodging
 + Level 1.5 Stealth
 + Level 4.2 Shields


You had 9 spell levels left.
You didn't know any spells.
Your spell library was empty.

Dungeon Overview and Level Annotations

Branches:
Dungeon (8/15)             Temple (0/1) D:4            Lair (0/6) D:8
Ossuary (visited)

Altars:
Ashenzari
Hepliaklqana
Okawaru
Yredelemnul

Shops:
D:1 =   D:2 *

Annotations:
D:3 1 runed translucent door, Wonya's ghost, amateur DDFi


Innate Abilities, Weirdness & Mutations

You have a pair of horns on your head.
You reflexively headbutt those who attack you in melee.


Message History

You are engulfed in a cloud of scalding steam.
The water moccasin bites you but does no damage.
You slash the two-headed ogre!
The two-headed ogre is almost dead.
You miss the water moccasin.
You are engulfed in a cloud of scalding steam.
The two-headed ogre hits you with a +0 giant club!!
* * * LOW HITPOINT WARNING * * *
The two-headed ogre hits you with a +0 dire flail!
* * * LOW HITPOINT WARNING * * *
You barely miss the two-headed ogre.
The two-headed ogre is almost dead.
You hit the water moccasin.
You are engulfed in a cloud of scalding steam.
* * * LOW HITPOINT WARNING * * *
The water moccasin is engulfed in a cloud of scalding steam.
The water moccasin bites you.
* * * LOW HITPOINT WARNING * * *
You are lethally poisoned!
The water moccasin poisons you!
You slice the two-headed ogre!!
You kill the two-headed ogre!
Trog accepts your kill.
You closely miss the water moccasin.
* * * LOW HITPOINT WARNING * * *
You feel sick.
You are too berserk!
* * * LOW HITPOINT WARNING * * *
You feel very sick.
The water moccasin is engulfed in a cloud of scalding steam.
You feel a strong urge to attack something.
* * * LOW HITPOINT WARNING * * *
You feel sick.
The water moccasin is engulfed in a cloud of scalding steam.
* * * LOW HITPOINT WARNING * * *
You feel sick.
You feel your anger nearly subside.
You are no longer berserk.
You are exhausted.
You feel yourself slow down.
You die...

### # # ##. #.#
#...#######...#
#..#...≈.[.#
#....#.).#....
#...##...##...
#.#...S.....#
#.#≈...>...≈#
.####.#.@.......#
........##...##...
.####.(..#...#....#
.......#...≈...#..#
.###....#######...#
.###........# #
........###.# ##
#########
#.######### .#
########
#.....[...#


You could see a water moccasin.

Vanquished Creatures
  Harold (D:7)
  2 two-headed ogres (D:8)
  Psyche (D:8)
  3 yaks
  A steam dragon (D:8)
  Grum (D:8)
  Menkaure (D:4)
  Edmund (D:4)
  An acid dragon (D:8)
  4 water moccasins
  A sky beast (D:4)
  2 necrophages
  2 black bears
  3 ogres
  2 wolves (D:8)
  2 phantoms
  4 bullfrogs
  2 scorpions
  A water moccasin skeleton (D:4)
  3 howler monkeys
  2 bullfrog zombies
  3 centaur zombies
  2 jellies
  An orc priest (D:8)
  A hound (D:6)
  2 centaur skeletons
  A gnoll shaman (D:7)
  A human zombie (Ossuary)
  3 iguanas
  A scorpion zombie (D:5)
  An orc wizard (D:7)
  2 killer bee zombies
  2 mummies (Ossuary)
  2 howler monkey zombies
  3 gnolls (D:7)
  6 adders
  A shadow imp (D:8)
  An ufetubus (D:5)
  An adder skeleton (D:4)
  2 worms
  4 dart slugs
  8 orcs
  6 ball pythons
  4 bats
  6 endoplasms
  8 giant cockroaches
  6 goblins
  8 hobgoblins
  3 jackals (D:2)
  10 kobolds
  6 quokkas
  4 frilled lizards
  2 goblin zombies
  2 hobgoblin zombies
  4 kobold zombies (Ossuary)
  An orc zombie (Ossuary)
  6 rats
  A spectral orc (D:3)
165 creatures vanquished.

Vanquished Creatures (others)
  A black bear (D:5)
  19 fungi
  6 plants (D:8)
  4 toadstools (D:7)
30 creatures vanquished.

Grand Total: 195 creatures vanquished

Notes
Turn   | Place    | Note
-------+----------+-------------------------------------------
     0 | D:1      | cbfl8 the Minotaur Berserker began the quest for the Orb.
     0 | D:1      | Reached XP level 1. HP: 19/19 MP: 0/0
    39 | D:1      | You fall into a shaft and drop 1 floor!
    45 | D:2      | Reached skill level 4 in Axes
    45 | D:2      | Reached XP level 2. HP: 27/27 MP: 1/1
   256 | D:2      | Reached XP level 3. HP: 7/34 MP: 2/2
   876 | D:2      | Found Xehat's Assorted Antiques.
  1101 | D:1      | Found a faded altar of an unknown god.
  1199 | D:1      | Reached ** piety under Trog
  1213 | D:1      | Found Jini's Jewellery Boutique.
  1843 | D:2      | Found a hazy altar of Hepliaklqana.
  2167 | D:3      | Reached XP level 4. HP: 38/41 MP: 3/3
  2251 | D:3      | Found a broken altar of Ashenzari.
  2394 | D:3      | Reached skill level 5 in Axes
  2506 | D:3      | Found a basalt altar of Yredelemnul.
  2680 | D:3      | Found a runed translucent door.
  3082 | D:3      | Noticed Wonya's ghost (amateur DDFi)
  3157 | D:4      | Noticed a sky beast
  3163 | D:4      | Killed a sky beast
  3164 | D:4      | Reached XP level 5. HP: 47/47 MP: 4/4
  3172 | D:4      | Reached skill level 6 in Axes
  3218 | D:4      | Reached XP level 6. HP: 16/55 MP: 5/5
  3592 | D:4      | Noticed Edmund
  3606 | D:4      | Killed Edmund
  3607 | D:4      | Reached skill level 5 in Fighting
  3688 | D:4      | Found a staircase to the Ecumenical Temple.
  3698 | D:4      | Noticed Menkaure
  3705 | D:4      | Killed Menkaure
  3706 | D:4      | Reached skill level 7 in Axes
  3706 | D:4      | Reached skill level 5 in Armour
  4098 | D:4      | Reached XP level 7. HP: 20/61 MP: 6/6
  4577 | D:4      | Reached *** piety under Trog
  4912 | D:5      | Entered Level 5 of the Dungeon
  4978 | D:5      | Reached skill level 8 in Axes
  5589 | D:5      | Found an iron altar of Okawaru.
  5947 | D:6      | Reached XP level 8. HP: 69/69 MP: 7/7
  6465 | D:6      | Reached skill level 9 in Axes
  6751 | D:6      | Reached skill level 1 in Shields
  6948 | D:6      | Found a hazy altar of Hepliaklqana.
  7335 | D:7      | Found a sand-covered staircase.
  7360 | Ossuary  | Entered an ossuary
  7659 | D:7      | Noticed Harold
  7672 | D:7      | Killed Harold
  7673 | D:7      | Reached skill level 10 in Axes
  7673 | D:7      | Reached XP level 9. HP: 41/79 MP: 0/8
  8404 | D:8      | Noticed a two-headed ogre
  8411 | D:8      | Killed a two-headed ogre
  8412 | D:8      | Reached skill level 11 in Axes
  8421 | D:7      | Reached **** piety under Trog
  8575 | D:7      | Reached XP level 10. HP: 51/88 MP: 9/9
  8994 | D:8      | Noticed Grum
  9004 | D:8      | Reached skill level 10 in Armour
  9009 | D:8      | Killed Grum
  9344 | D:8      | Reached skill level 1 in Stealth
  9740 | D:8      | Noticed Psyche
  9756 | D:8      | Killed Psyche
  9757 | D:8      | Reached skill level 12 in Axes
 10076 | D:8      | Found a staircase to the Lair.
 10090 | D:8      | Noticed a two-headed ogre
 10102 | D:8      | Killed a two-headed ogre
 10103 | D:8      | HP: 4/135 [poisoned by a water moccasin]
 10105 | D:8      | HP: 1/135 [poisoned by a water moccasin]
 10106 | D:8      | Succumbed to a water moccasin's poison

Illustrated notes

Levels and vault maps discovered:
D:1:      dpeg_arrival_tiny_a, layout_basic, serial_shops, shop,
          shapermc_ecumenical_altar_starsandcircs
D:2:      layout_basic, serial_shops, nicolae_shop_stone, basic_altar,
          minmay_misc_feat_x, roderic_lattice_a
D:3:      layout_basic, ashenzari_conservatory_becter,
          yredelemnul_forgotten_temple_becter, ebering_ghost_reflecting_pool
D:4:      minmay_octagon_keep, layout_cave_pools, minmay_temple_entry_waves,
          uniq_edmund, uniq_menkaure
D:5:      layout_loops_ring, okawaru_gym_becter, lemuel_flame_loot_1
D:6:      layout_loops_ring, mainiacjoe_overflow_chevrons, serial_glass,
          glass_columns_c, glass_columns_a, item_on_display_a,
          minmay_strange_pillars, item_on_display_a, serial_park_tiny_2,
          minmay_misc_feat_roman
D:7:      layout_rooms, enter_ossuary_3, st_stairs_12, minmay_gold_behind_fungi,
          uniq_harold
D:8:      layout_loops_corners, nicolae_sif_muna_little_library,
          dpeg_oklobed_lair, amcnicky_mini_pool_medium, uniq_joseph,
          uniq_psyche, uniq_grum

Skill      XL: |  1  2  3  4  5  6  7  8  9 10 |
---------------+-------------------------------+-----
Fighting       | 4 5 7 8 |  8.6
Axes           | 4 5 6 7 8 10 11 12 | 12.2
Armour         | 3 4 5 6 8 9 10 | 10.8
Dodging        | 3 4 |  4.6
Shields        | 1 3 4 |  4.2
Stealth        | 1 |  1.5

Action                   |  1- 3 |  4- 6 |  7- 9 | 10-12 || total
-------------------------+-------+-------+-------+-------++-------
Melee: Hand axe          |    84 |    87 |   284 |    76 ||   531
       Headbutt          |     7 |    15 |    66 |    14 ||   102
       Punch             |       |     1 |     7 |     2 ||    10
Invok: Berserk           |       |     2 |     4 |     3 ||     9
       Trog's Hand       |       |       |     2 |       ||     2
  Use: Scroll            |     1 |       |     7 |       ||     8
       Potion            |       |       |       |     3 ||     3
 Stab: Invisible         |       |       |       |     2 ||     2
Armor: Animal skin       |     2 |       |       |       ||     2
       Chain mail        |    38 |    43 |   104 |    33 ||   218
       Skin              |       |       |       |     6 ||     6
Dodge: Dodged            |    38 |    36 |    82 |    27 ||   183
Block: Other             |       |       |    48 |    24 ||    72
